Map: Frozen Temple

Players

capac

  • Race: Terran Terran
  • League: Gold

VertigO - Winner!

  • Race: Zerg Zerg
  • League: Gold

VOD

Have the link to the VOD?

Description

Time

  • Played on: April 25, 2016, 8:24 p.m.
  • Length: 18:12
Show
View Real Time Build Order
Export as new Build Order

capac Terran 

Build Orders: MMM Bio 

Get SALT Encoding   

  12  0:00  SCV  
  13  0:13  SCV  
  14  0:18  Supply Depot  
  14  0:25  SCV  
  15  0:40  SCV  
  15  0:42  Barracks  
  16  0:46  Refinery  
  16  0:55  SCV  
  17  1:07  SCV  
  18  1:19  SCV  
  20  1:32  Reaper  
  20  1:34  Orbital Command  
  20  1:43  Command Center  
  20  1:55  Supply Depot  
  20  2:01  SCV  
  21  2:04  Marine  
  22  2:11  Factory  
  22  2:13  SCV  
  23  2:22  Barracks  
  23  2:26  Refinery  
  23  2:49  Barracks Reactor  
  23  2:59  Bunker  
  23  3:09  Factory Tech Lab  
  23  3:12  Starport  
  23  3:17  Marine  
  24  3:25  Orbital Command  
  24  3:27  SCV  
  25  3:34  Supply Depot  
  25  3:36  Marine x2  
  25  3:39  Barracks Tech Lab, SCV  
  28  3:52  Siege Tank  
  31  3:59  Supply Depot  
  31  4:10  Marine x3  
  34  4:19  Medivac  
  36  4:25  Command Center  
  36  4:27  SCV x2  
  36  4:28  Marine  
  39  4:39  SCV x2  
  41  4:46  Supply Depot  
  41  4:47  Marine  
  41  4:48  Marine x2  
  44  4:53  SCV x2  
  46  5:05  Stimpack  
  46  5:07  Siege Tank  
  49  5:19  SCV  
  49  5:20  SCV  
  51  5:25  Marine x2  
  51  5:26  Refinery, Marine  
  54  5:31  SCV  
  55  5:36  Orbital Command  
  55  5:41  Starport Reactor  
  55  5:43  Siege Tank  
  58  5:52  Marine x3  
  58  5:54  SCV x2  
  63  6:02  Barracks  
  63  6:06  SCV x3  
  63  6:10  Marine x3  
  63  6:11  Refinery  
  69  6:17  Engineering Bay  
  69  6:19  Engineering Bay  
  69  6:20  SCV x2  
  69  6:21  SCV  
  72  6:29  Medivac x2  
  76  6:38  SCV x3  
  79  6:44  Terran Infantry Weapons Level 1  
  78  6:48  Armory  
  78  6:50  Terran Infantry Armor Level 1  
  78  6:54  Barracks  
  78  6:56  Barracks Reactor  
  78  6:57  Marine x2  
  80  7:15  Marine  
  80  7:16  Marine x2, Orbital Command  
  80  7:18  Combat Shields  
  80  7:20  SCV x2  
  85  7:33  Supply Depot  
  85  7:38  Supply Depot  
  85  7:54  Marine x5  
  90  7:58  Barracks  
  90  8:04  Barracks x2  
  88  8:24  Barracks Tech Lab  
  88  8:31  Marine x3  
  88  8:32  Marine x2  
  93  8:37  Siege Tank  
  93  8:38  Medivac  
  93  8:39  Medivac  
  93  8:41  Supply Depot  
  100  8:44  SCV x3  
  103  8:56  SCV  
  101  9:15  Marine x5  
  101  9:16  Siege Tank  
  96  9:40  Marine  
  96  9:41  Marine x3  
  100  9:48  Siege Tank  
  100  9:50  Barracks Reactor x2  
  100  9:51  Starport  
  100  9:52  Barracks Tech Lab  
  103  9:53  Starport  
  103  10:04  SCV x3  
  106  10:12  Refinery  
  106  10:13  Refinery, Marauder x3  
  112  10:16  SCV x3  
  115  10:26  Supply Depot  
  115  10:28  Siege Tank  
  118  10:30  Supply Depot  
  118  10:31  Terran Infantry Weapons Level 2, Terran Infantry Armor Level 2  
  118  10:32  Supply Depot  
  118  10:33  Terran Ship Weapons Level 1  
  118  10:35  Starport Reactor  
  118  10:37  Starport Tech Lab  
  118  10:40  Fusion Core  
  118  10:42  Marine x7  
  119  10:47  Marauder x3, Marine  
  132  10:55  Supply Depot  
  132  10:56  Supply Depot  
  132  10:58  Medivac x2  
  132  10:59  Liberator  
  132  11:00  Marine x6  
  142  11:06  Siege Tank  
  142  11:09  Marauder x2  
  149  11:17  Marauder  
  154  11:19  Supply Depot  
  154  11:20  Supply Depot x2  
  154  11:26  Marine x4  
  154  11:27  Marine x3  
  154  11:28  Marine  
  154  11:30  Marine, SCV x2  
  165  11:37  SCV  
  166  11:42  SCV x2  
  166  11:43  Liberator  
  166  11:44  Liberator x3  
  166  11:45  Liberator  
  168  11:49  SCV  
  170  11:54  SCV  
  170  11:59  Advanced Ballistics  
  135  12:55  Marine x6  
  135  12:56  Marauder x2, Marine x2  
  135  12:57  Marauder  
  149  13:13  Marine x8  
  149  13:17  Marine x2  
  149  13:18  Marauder  
  161  13:31  Marine  
  162  13:36  Marauder x2  
  162  13:39  Marauder  
  168  13:46  Marine x7  
  175  13:48  Marine  
  176  13:57  Marauder x2  
  180  14:48  Command Center  
  180  14:50  Command Center  
  151  15:22  Liberator x4  
  151  15:23  Liberator  
  151  15:35  Marine x5  
  153  15:36  Marine x3  
  153  15:38  Marauder  
  118  16:25  Marine  
  118  16:26  Marine x10  
  108  17:08  Orbital Command  
  108  17:34  Marine  
  108  17:35  Marine  
Show
View Real Time Build Order
Export as new Build Order

VertigO Zerg - Winner!

Build Orders: Hatch First 

Get SALT Encoding   

  12  0:00  Drone  
  13  0:13  Overlord  
  13  0:18  Drone  
  14  0:32  Drone  
  14  0:33  Drone  
  16  0:50  Hatchery  
  16  0:53  Drone  
  16  0:58  Drone  
  16  1:00  Drone  
  18  1:15  Spawning Pool  
  17  1:20  Extractor, Drone  
  17  1:23  Drone  
  18  1:33  Overlord  
  18  1:41  Drone  
  19  1:58  Drone  
  20  2:06  Queen  
  20  2:07  Hatchery  
  21  2:15  Drone  
  22  2:17  Drone  
  23  2:24  Queen  
  25  2:30  Extractor  
  24  2:38  Zergling x6  
  26  2:44  Spine Crawler  
  26  2:50  Spine Crawler  
  23  3:06  Queen  
  23  3:09  Drone x2  
  27  3:25  Roach Warren  
  26  3:28  Drone x2  
  28  3:48  Overlord  
  28  3:49  Overlord  
  28  3:51  Drone x3  
  31  4:04  Drone x3  
  34  4:20  Drone x5  
  39  4:29  Lair  
  39  4:33  Drone  
  39  4:34  Drone x5  
  39  4:37  Extractor  
  44  4:41  Evolution Chamber  
  44  4:44  Evolution Chamber  
  42  4:53  Extractor  
  42  4:58  Roach x2  
  42  4:59  Roach x2  
  49  5:03  Overlord x2  
  49  5:08  Zerg Ground Armor Level 1  
  49  5:20  Overlord x2  
  49  5:36  Drone x5  
  49  5:37  Drone  
  55  5:43  Glial Reconstitution  
  55  5:45  Queen  
  57  6:00  Zerg Melee Weapons Level 1  
  57  6:07  Drone x16  
  73  6:17  Drone x2  
  75  6:20  Drone  
  75  6:21  Overlord  
  76  6:32  Extractor  
  75  6:34  Extractor  
  75  6:36  Overlord x2  
  74  6:41  Roach  
  74  6:42  Roach x5  
  86  6:48  Infestation Pit  
  86  6:50  Drone  
  86  6:52  Drone x2  
  88  7:08  Drone x6  
  93  7:12  Zerg Ground Armor Level 2  
  93  7:14  Roach  
  93  7:15  Roach x4  
  104  7:35  Drone x2  
  106  7:37  Hatchery  
  106  7:38  Overlord x6, Extractor x2  
  106  7:43  Drone  
  104  7:58  Zerg Melee Weapons Level 2  
  104  8:01  Hive  
  101  8:16  Queen  
  103  8:26  Infestor x3  
  109  8:42  Roach x7  
  109  8:43  Roach x5  
  109  8:44  Overlord  
  109  8:45  Overlord x4  
  133  9:01  Queen  
  130  9:52  Ultralisk Cavern  
  130  9:53  Drone  
  130  9:56  Roach x11  
  130  9:59  Ravager x8  
  161  10:00  Ravager x4  
  164  10:29  Zerg Melee Weapons Level 3  
  164  10:33  Zerg Ground Armor Level 3  
  164  10:34  Zergling x4  
  164  10:35  Zergling x16  
  173  10:36  Zergling x16  
  173  10:37  Zergling x4  
  184  10:49  Drone  
  186  10:50  Drone  
  186  11:14  Metabolic Boost  
  186  11:21  Chitinous Plating  
  186  11:35  Drone x3  
  186  11:37  Overseer x2  
  186  11:38  Overseer x2  
  189  11:42  Ultralisk  
  189  11:43  Hatchery, Ultralisk  
  200  11:49  Extractor  
  200  11:51  Extractor  
  138  12:49  Ultralisk x5  
  138  12:50  Ultralisk x3  
  136  13:05  Zergling x24  
  142  13:06  Zergling x42  
  142  13:10  Baneling Nest  
  168  13:19  Drone  
  169  13:20  Overlord  
  169  13:21  Overlord x2  
  169  13:59  Baneling x6  
  169  14:00  Baneling x3  
  169  14:08  Spire  
  169  14:09  Spire, Drone x2  
  169  14:11  Overlord  
  169  14:12  Overlord x3  
  169  14:16  Baneling x8  
  169  14:31  Zergling x12  
  171  14:32  Zergling x16  
  171  14:33  Zergling x16  
  182  15:12  Baneling  
  182  15:13  Baneling x7  
  182  15:14  Baneling x6  
  170  15:15  Baneling x2  
  170  15:24  Zerg Flyer Armor Level 1, Zerg Flyer Weapons Level 1  
  170  15:25  Corruptor x15  
  170  15:26  Corruptor  
  198  15:50  Drone  
  199  15:59  Centrifical Hooks  
  199  16:00  Hatchery  
  199  16:01  Drone  
  199  16:02  Extractor x2  
  181  16:17  Drone x4  
  179  16:21  Zergling x12  
  179  16:22  Zergling x30  
  195  16:59  Baneling x6  
  195  17:00  Baneling x7  
  195  17:02  Zergling x10  
  195  17:08  Hatchery  
  197  17:41  Hatchery  
  197  17:42  Extractor  
  197  17:44  Extractor  
Tags
 
Composition
MMM Bio
League
GoldGold
Matchup
TvZ
Add a new tag
Caveats
  • Supply blocks, unpowered buildings, or Contaminate may cause inaccurate times.
  • Supply counts are checked every 10 seconds.